Map: Blackburn LE

Players

chooong - Winner!

  • Race: Protoss Protoss
  • League: Platinum
  • Spawn Location: 7:00

VOD

Have the link to the VOD?

Description

Time

  • Played on: May 23, 2022, 6:29 p.m.
  • Length: 19:31
Show
View Real Time Build Order
Export as new Build Order

chooong Protoss - Winner!

Build Orders:  

Get SALT Encoding   

  12  0:04  Probe (Chrono Boost)  
  14  0:21  Probe (Chrono Boost)  
  14  0:28  Pylon  
  14  0:38  Probe (Chrono Boost)  
  15  0:57  Gateway  
  15  0:59  Probe (Chrono Boost)  
  16  1:10  Assimilator  
  16  1:13  Assimilator  
  17  1:20  Probe (Chrono Boost)  
  17  1:37  Probe (Chrono Boost)  
  18  1:47  Gateway  
  18  1:54  Probe (Chrono Boost)  
  19  2:08  Pylon  
  19  2:21  Cybernetics Core  
  19  2:26  Probe (Chrono Boost)  
  20  2:42  Probe (Chrono Boost)  
  21  2:59  Probe (Chrono Boost)  
  22  3:02  Stalker x2 (Chrono Boost)  
  22  3:14  Probe (Chrono Boost)  
  27  3:45  Stalker x2 (Chrono Boost)  
  27  3:48  Pylon  
  31  4:20  Nexus  
  31  4:34  Robotics Facility, Warp Gate  
  31  4:38  Probe  
  32  5:24  Probe  
  33  5:40  Robotics Bay  
  33  5:41  Probe  
  34  5:51  Gateway  
  34  5:59  Probe  
  35  6:08  Probe  
  36  6:12  Stalker x2  
  36  6:16  Probe  
  41  6:20  Observer (Chrono Boost)  
  41  6:24  Probe  
  43  6:33  Probe  
  44  6:41  Probe  
  44  6:42  Immortal (Chrono Boost)  
  44  6:43  Pylon  
  49  6:57  Stalker  
  51  7:06  Stalker  
  53  7:25  Extended Thermal Lance (Chrono Boost)  
  53  7:33  Colossus (Chrono Boost), Probe x2  
  61  7:50  Probe  
  62  8:03  Pylon  
  62  8:28  Probe  
  62  8:29  Probe  
  64  8:30  Pylon  
  64  8:40  Stalker x3  
  70  8:55  Probe x2  
  70  8:57  Pylon  
  72  9:10  Colossus (Chrono Boost)  
  72  9:11  Gateway  
  72  9:12  Probe x2  
  72  9:13  Gateway  
  74  9:28  Pylon  
  74  9:29  Probe  
  81  9:38  Assimilator  
  81  9:42  Assimilator  
  81  9:55  Zealot  
  81  9:56  Zealot x2  
  81  10:08  Colossus (Chrono Boost)  
  79  10:16  Probe x2  
  87  10:27  Stalker  
  87  10:28  Stalker  
  91  10:32  Stalker  
  93  10:43  Pylon  
  93  10:44  Shield Battery  
  93  10:48  Pylon  
  93  10:53  Gateway  
  93  11:03  Gateway  
  99  11:24  Nexus  
  99  11:29  Colossus (Chrono Boost)  
  99  11:34  Pylon  
  99  11:35  Stalker x3  
  105  11:59  Stalker  
  107  12:00  Stalker  
  107  12:08  Stalker  
  107  12:09  Stalker x2  
  115  12:29  Forge  
  115  12:43  Observer (Chrono Boost)  
  115  12:53  Stalker  
  115  12:57  Pylon  
  117  13:06  Pylon  
  117  13:07  Colossus (Chrono Boost)  
  123  13:20  Probe x2  
  123  13:26  Probe  
  126  13:37  Stalker x2, Probe x2  
  126  13:38  Stalker x2  
  136  13:43  Probe  
  137  13:58  Pylon  
  137  14:03  Photon Cannon  
  137  14:07  Photon Cannon  
  137  14:13  Photon Cannon  
  137  14:15  Stalker  
  137  14:19  Stalker  
  141  14:22  Stalker  
  141  14:29  Probe  
  144  14:30  Probe  
  144  14:32  Probe  
  144  14:35  Protoss Ground Weapons Level 1 (Chrono Boost)  
  146  14:50  Pylon  
  146  14:56  Photon Cannon  
  146  15:01  Pylon  
  146  15:04  Probe x2  
  146  15:05  Colossus (Chrono Boost)  
  146  15:08  Stalker x3  
  160  15:24  Pylon  
  160  15:28  Pylon  
  160  15:39  Stalker x3  
  166  15:55  Pylon  
  166  15:57  Pylon  
  166  15:58  Stalker x2  
  170  16:01  Stalker  
  172  16:10  Observer (Chrono Boost)  
  173  16:31  Stalker x3  
  173  16:32  Stalker x2, Warp Prism (Chrono Boost)  
  185  17:13  Gateway  
  185  17:15  Gateway  
  185  17:19  Gateway  
  185  17:42  Stalker x5  
  192  18:10  Stalker x2  
  196  18:40  Stalker  
  196  18:41  Stalker  
  200  19:05  Unknown  
Tags
 
Add a new tag
Caveats
  • Supply blocks, unpowered buildings, or Contaminate may cause inaccurate times.
  • Supply counts are checked every 10 seconds.